 Dungeon Crawl Stone Soup version 0.30-a0-21-g5d08c37080 (webtiles) character file.

Game seed: 2830763881973378661

102 Araneus the Cudgeller (level 4, 0/35 HPs)
             Began as a Demonspawn Fighter on Aug 24, 2022.
             Slain by a chaos spawn (3 damage)
             ... on level 1 of the Abyss.
             The game lasted 00:03:09 (2336 turns).

Araneus the Cudgeller (Demonspawn Fighter)          Turns: 2336, Time: 00:03:10

Health: 0/35       AC: 10    Str: 18    XL:     4   Next: 50%
Magic:  4/4        EV:  8    Int:  9    God:
Gold:   131        SH:  4    Dex: 13    Spells: 3/3 levels left

rFire   . . .      SeeInvis .    a - +0 flail
rCold   . . .      Faith    .    c - +0 buckler
rNeg    . . .      Spirit   .    s - +0 chain mail
rPois   .          Reflect  .    (no helmet)
rElec   .          Harm     .    (no cloak)
rCorr   .          Rampage  .    (no gloves)
Will    +....                    b - +0 pair of boots
Stlth   ..........               (no amulet)
HPRegen 0.11/turn                e - ring of willpower
MPRegen 0.18/turn                n - +4 ring of slaying

@: mighty
A: repulsion field 1, magic regeneration
a: no special abilities


You were on level 1 of the Abyss.
You visited 1 branch of the dungeon, and saw 3 of its levels.
You visited the Abyss 1 time.

You collected 131 gold pieces.

Inventory:

Hand Weapons
 a - a +0 flail (weapon)
Missiles
 q - a throwing net (quivered)
Armour
 b - a +0 pair of boots (worn)
 c - a +0 buckler (worn)
 s - a +0 chain mail (worn)
Jewellery
 e - a ring of willpower (left hand)
 n - a +4 ring of slaying (right hand)
Scrolls
 f - 3 scrolls of immolation {unknown}
 g - a scroll of enchant weapon {unknown}
 h - a scroll of fear {unknown}
 i - a scroll of poison {unknown}
 j - a scroll of magic mapping {unknown}
 l - a scroll of enchant armour {unknown}
Potions
 d - 3 potions of might
 k - a potion of flight {unknown}
 m - a potion of degeneration {unknown}
 o - 2 potions of heal wounds {unknown}
 r - a potion of cancellation {unknown}


   Skills:
 - Level 3.0 Fighting
 + Level 4.4 Maces & Flails
 - Level 2.6 Armour
 - Level 2.6 Shields


You had 3 spell levels left.
You didn't know any spells.
Your spell library was empty.

Dungeon Overview and Level Annotations

Branches:
Dungeon (3/15)

Altars:


Innate Abilities, Weirdness & Mutations

You are surrounded by a mild repulsion field. (EV +2)
You regenerate magic rapidly.


Message History

You miss something. Something hits you but does no damage.
You blink.
The orc closely misses you. The orc attacks as you move away!
The orc hits you but does no damage.
Found 14 gold pieces.
The orc attacks as you move away! The orc hits you but does no damage.
You're too confused to move!
You feel less confused.
You closely miss something. The orc hits you with a +0 hand axe.
Something hits you but does no damage. Space warps around you.
* * * LOW HITPOINT WARNING * * *
The orc hits you with a +0 short sword.
* * * LOW HITPOINT WARNING * * *
Something hits you.
* * * LOW HITPOINT WARNING * * *
You are cast into the Abyss!
This branch contains the abyssal rune of Zot.
Reactivating autopickup.
You feel better.
Okay, then.
A chaos spawn comes into view.
The chaos spawn gives a chilling moan.
You barely miss the chaos spawn. The chaos spawn hits you!
* * * LOW HITPOINT WARNING * * *
You resist with almost no effort.
You hit the chaos spawn.
The chaos spawn is lightly wounded.
The chaos spawn barely misses you.
You sock the chaos spawn!
The chaos spawn is moderately wounded.
The chaos spawn gores you but does no damage.
You closely miss the chaos spawn.
The chaos spawn is moderately wounded.
The chaos spawn gores you.
* * * LOW HITPOINT WARNING * * *
You feel very mighty all of a sudden.
The chaos spawn hits you but does no damage.
You thump the chaos spawn!
The chaos spawn is severely wounded.
The chaos spawn hits you.
You die...

..# #..#.#
#.
##....#.###
### . #
#.... .
#####. #.##
......#.#...
..#..#..
##.# .#
#......#.# #
.. # #.#.#.#
....
#.###...#
..#.# .#.
##..# .#.#.
#. . #@#. #
. #.#.4.##
.. ##.....
#. #..#.#.#
...##. #
##.#. .. ##
. ## .


You could see a chaos spawn.

Vanquished Creatures
  An orc wizard (D:3)
  3 adders (D:2)
  A worm (D:2)
  3 dart slugs
  2 orcs (D:3)
  3 bats
  4 endoplasms
  2 giant cockroaches (D:1)
  3 goblins
  5 hobgoblins
  A kobold (D:1)
  A quokka (D:3)
  2 ball pythons
  A frilled lizard (D:2)
  7 rats
39 creatures vanquished.

Notes
Turn   | Place    | Note
-------+----------+-------------------------------------------
     0 | D:1      | Araneus the Demonspawn Fighter began the quest for the Orb.
     0 | D:1      | Reached XP level 1. HP: 18/18 MP: 1/1
    42 | D:1      | Reached skill level 2 in Maces & Flails
   453 | D:1      | Gained mutation: You are surrounded by a mild repulsion
                  | field. (EV +2) [demonic ancestry]
   453 | D:1      | Reached XP level 2. HP: 24/24 MP: 2/2
   725 | D:2      | Reached skill level 3 in Maces & Flails
  1039 | D:2      | Gained mutation: You regenerate magic rapidly. [demonic
                  | ancestry]
  1039 | D:2      | Reached XP level 3. HP: 29/29 MP: 3/3
  2171 | D:3      | Reached XP level 4. HP: 33/35 MP: 4/4
  2210 | D:3      | Reached skill level 4 in Maces & Flails
  2306 | Abyss:1  | Cast into level 1 of the Abyss (orc wizard)
  2329 | Abyss:1  | Noticed a chaos spawn
  2336 | Abyss:1  | Slain by a chaos spawn

Illustrated notes

Levels and vault maps discovered:
D:1:      grunt_arrival_crossed_arrows, layout_loops_ring, minmay_cupped
D:2:      layout_loops_ring, minmay_tripent
D:3:      layout_loops_ring, shapermc_ecumenical_altar_mp_vishouse,
          uniq_natasha, uniq_grinder
Abyss:1:  base:
D:1

Skill      XL: |  1  2  3  4 |
---------------+-------------+-----
Maces & Flails | 2 3 4 |  4.4
Fighting       | |  3.0
Armour         | |  2.6
Shields        | |  2.6

Action                   |  1- 3 |  4- 6 || total
-------------------------+-------+-------++-------
Melee: Flail             |    96 |    18 ||   114
  Use: Potion            |     2 |     1 ||     3
Armor: Scale mail        |    32 |     1 ||    33
       Chain mail        |       |    14 ||    14
Dodge: Dodged            |    43 |     4 ||    47
Block: Buckler           |    24 |     2 ||    26

Table legend: (Time is in decaauts)
 A = Elapsed time spent in this place.
 B = Non-inter-level travel time spent in this place.
 C = Inter-level travel time spent in this place.
 D = Time resting spent in this place.
 E = Time spent auto-exploring this place.
 F = Levels seen in this place.
 G = Mean time per level.
                   A        B        C        D        E       F      G
               +--------+--------+--------+--------+--------+-----+--------+
         Total |   2347 |   2292 |     55 |      0 |   1969 |   4 |  586.8 |
       Dungeon |   2316 |   2261 |     55 |      0 |   1969 |   3 |  772.0 |
         Abyss |     31 |     31 |      0 |      0 |      0 |   1 |   31.0 |
               +--------+--------+--------+--------+--------+-----+--------+

Top non-repeatable levels by time:
     D:2: 1436 daAuts
     D:1: 721 daAuts
     D:3: 158 daAuts
 Abyss:1: 31 daAuts
